 Dungeon Crawl Stone Soup version 0.30-a0-576-g89cddaab80 (webtiles) character file.

Game seed: 7902689324741893564

164 wormed the Shooter (level 5, -1/25 (27) HPs)
             Began as a Spriggan Hunter on Dec 31, 2022.
             Slain by a hell rat (7 damage)
             ... in a sewer.
             The game lasted 00:02:52 (2029 turns).

wormed the Shooter (Spriggan Hunter)                Turns: 2029, Time: 00:02:53

HP:   -1/25 (27)    AC:  3    Str:  7    XL:     5   Next: 21%
MP:   6/6           EV: 19    Int: 11    God:
Gold: 74            SH:  0    Dex: 20    Spells: 4/4 levels left

rFire   . . .      SeeInvis +    a - +0 shortbow
rCold   . . .      Faith    .    (shield currently unavailable)
rNeg    . . .      Spirit   .    c - +0 robe
rPois   .          Reflect  .    (helmet restricted)
rElec   .          Harm     .    j - +0 cloak
rCorr   .          Rampage  .    (gloves unavailable)
Will    .....                    (boots unavailable)
Stlth   ++                       (no amulet)
HPRegen 0.24/turn                (no ring)
MPRegen 0.10/turn                (no ring)

@: drained, slow
A: very small, no large weapons, unfitting armour, see invisible, speed 3
a: no special abilities


You were in a sewer.
You visited 1 branch of the dungeon, and saw 3 of its levels.
You also visited: Sewer.

You collected 74 gold pieces.

Inventory:

Hand Weapons
 a - a +0 shortbow (weapon)
Armour
 c - a +0 robe (worn)
 j - a +0 cloak (worn)
Jewellery
 n - a ring of fire
 r - a ring of positive energy
Scrolls
 b - a scroll of immolation
 d - a scroll of enchant armour {unknown}
 k - 3 scrolls of identify {unknown}
 l - a scroll of amnesia {unknown}
 m - 2 scrolls of poison {unknown}
 o - a scroll of magic mapping {unknown}
 q - 2 scrolls of teleportation {unknown}
Potions
 e - 2 potions of mutation {unknown}
 f - a potion of haste {unknown}
 g - a potion of attraction {unknown}
 h - 3 potions of curing {unknown}
 i - 2 potions of invisibility {unknown}
 p - a potion of might {unknown}


   Skills:
 + Level 2.4 Fighting
 * Level 5.1 Ranged Weapons
 + Level 3.9 Dodging
 + Level 3.7 Stealth


You had 4 spell levels left.
You didn't know any spells.
Your spell library was empty.

Dungeon Overview and Level Annotations

Branches:
Dungeon (3/15)              Sewer (1/1)

Altars:

Shops:
D:1 *

Annotations:
D:2 Sigmund


Innate Abilities, Weirdness & Mutations

You are very small and have problems with some larger weapons.
You are too small for most types of armour.
You have supernaturally acute eyesight. (SInv)
You cover ground extremely quickly. (Speed+++)


Message History

You shoot an arrow.
The arrow hits the rat but does no damage.
You shoot an arrow. The arrow barely misses the rat.
You shoot an arrow.
The arrow hits the rat but does no damage.
You shoot an arrow. The arrow hits the rat.
The rat is heavily wounded.
The rat misses you.
You shoot an arrow. The arrow hits the rat!
You kill the rat!
No target in view!
As you open the door, it creaks loudly!
A hell rat comes into view.
The hell rat roars deafeningly!
The hell rat moves out of view.
Found four items.
Found a gate leading back out of this place.
You enter the shallow water.
Moving in this stuff is going to be slow.
Found a viscous grey potion, a purple potion and a scroll labelled EBYUVEIMIM.
You shoot an arrow.
The arrow hits the hell rat but does no damage.
You shoot an arrow.
The arrow hits the hell rat but does no damage.
The hell rat misses you.
You shoot an arrow. The arrow barely misses the hell rat.
The hell rat closely misses you.
You shoot an arrow. The arrow closely misses the hell rat.
The hell rat barely misses you. The hell rat misses you.
You shoot an arrow. The arrow hits the hell rat.
The hell rat is moderately wounded.
The hell rat bites you!
Ouch! That really hurt!
You feel drained.
* * * LOW HITPOINT WARNING * * *
You are too injured to fight recklessly!
You are too injured to fight recklessly!
You are too injured to fight recklessly!
The hell rat attacks as you move away! The hell rat bites you!
You die...

#########
###~~..~~.###
#~..~.@.....###
~....##r##~..~.#
~.~ #.~~###..~##
~ ~~~~~~ ##†..# ~
~.~~~~.. #~~~#
~.##~!??!!~##~~.#
..~###!∩?###~.~##
~..~~#####~~~.~#
#.~..†∩†..~~###


You could see a hell rat.

Vanquished Creatures
  An orc priest (D:3)
  An orc wizard (D:3)
  3 river rats
  3 adders
  2 worms (D:2)
  3 orcs (D:3)
  3 bats
  4 endoplasms
  3 goblins
  4 hobgoblins
  6 quokkas
  5 ball pythons
  3 frilled lizards
  4 kobolds
  10 rats
55 creatures vanquished.

Notes
Turn   | Place    | Note
-------+----------+-------------------------------------------
     0 | D:1      | wormed the Spriggan Hunter began the quest for the Orb.
     0 | D:1      | Reached XP level 1. HP: 10/10 MP: 2/2
   318 | D:1      | Found Dootuydgh's Assorted Antiques.
   420 | D:1      | Reached XP level 2. HP: 15/15 MP: 3/3
   876 | D:2      | Reached XP level 3. HP: 14/18 MP: 4/4
   914 | D:2      | Found a faded altar of an unknown god.
   925 | D:2      | Noticed Sigmund
  1395 | D:3      | Reached XP level 4. HP: 21/23 MP: 5/5
  1421 | D:3      | Reached skill level 5 in Ranged Weapons
  1850 | D:3      | Reached XP level 5. HP: 27/27 MP: 6/6
  1902 | D:3      | Found a glowing drain.
  1906 | Sewer    | Entered a sewer
  2029 | Sewer    | Slain by a hell rat

Illustrated notes

Levels and vault maps discovered:
D:1:      minmay_arrival_five_plusses, layout_loops_ring, serial_shops,
          nicolae_square_shop
D:2:      layout_loops_ring, dreamdust_ecumenical_altar_angels_and_demons,
          minmay_bisected, uniq_sigmund, uniq_terence
D:3:      layout_loops_corners, gup_sewer_entry_spiral
Sewer:    sewer_hellmonk_bad_rat

Skill      XL: |  1  2  3  4 |
---------------+-------------+-----
Stealth        | 2 3 |  3.7
Dodging        | 3 |  3.9
Fighting       | 2 |  2.4
Ranged Weapons | 5 |  5.1

Action                   |  1- 3 |  4- 6 || total
-------------------------+-------+-------++-------
 Fire: Shortbow          |   108 |    64 ||   172
Armor: Robe              |     3 |     5 ||     8
Dodge: Dodged            |    46 |    32 ||    78

Table legend: (Time is in decaauts)
 A = Elapsed time spent in this place.
 B = Non-inter-level travel time spent in this place.
 C = Inter-level travel time spent in this place.
 D = Time resting spent in this place.
 E = Time spent auto-exploring this place.
 F = Levels seen in this place.
 G = Mean time per level.
                   A        B        C        D        E       F      G
               +--------+--------+--------+--------+--------+-----+--------+
         Total |   1444 |   1347 |     97 |      0 |    911 |   4 |  361.0 |
       Dungeon |   1316 |   1219 |     97 |      0 |    833 |   3 |  438.7 |
         Sewer |    127 |    127 |      0 |      0 |     78 |   1 |  127.0 |
               +--------+--------+--------+--------+--------+-----+--------+

Top non-repeatable levels by time:
     D:3: 601 daAuts
     D:1: 508 daAuts
     D:2: 205 daAuts
   Sewer: 127 daAuts
